[Event "Romanian Open 2021"]
[Site "Alba Iulia"]
[Date "2021.11.21"]
[Round "1.1"]
[White "Manolache, Marius"]
[Black "Padurariu, Mihai-Edward"]
[Result "1/2-1/2"]
[ECO "E12"]
[WhiteElo "2506"]
[BlackElo "2251"]
[Annotator "ChessBase"]
[PlyCount "146"]
[EventDate "2021.11.21"]
[EventType "swiss"]
[EventCountry "ROU"]
[SourceTitle "playchess.com"]
[Source "ChessBase"]
[SourceQuality "1"]
[TimeControl "5400+30"]

1. d4 e6 2. c4 b6 3. a3 Bb7 4. Nc3 Nf6 5. Nf3 g6 6. d5 Bg7 7. g3 O-O 8. Bg2 exd5 9. cxd5 c5 10. O-O d6 11. Bf4 a6 12. Rc1 Re8 13. b4 Nh5 14. Bg5 Qc7 15. Nd2 h6 16. Be3 Nd7 17. bxc5 bxc5 18. Nc4 Ne5 19. Nxe5 Rxe5 20. Bd2 f5 21. Qa4 Rae8 22. Rb1 R5e7 23. Qb3 Nf6 24. e3 Ng4 25. h3 Ne5 26. e4 Bc8 27. Qa4 Kh7 28. f4 Nd3 29. exf5 gxf5 30. Qc4 Bd4+ 31. Kh2 Nf2 32. Be1 Ne4 33. Nxe4 fxe4 34. Bc3 Qa7 35. f5 a5 36. Bxd4 Ba6 37. Qa4 Bxf1 38. Bf6 Bxg2 39. Bxe7 Qxe7 40. f6 Qf7 41. Qc6 Kg6 42. Rb7 Qf8 43. Kxg2 Kxf6 44. Rb1 Qe7 45. Rb7 Qf8 46. Rb1 Qe7 47. Qa4 Kg6 48. Rb7 Qf8 49. Qd1 Qf3+ 50. Qxf3 exf3+ 51. Kxf3 Re5 52. Ra7 Rxd5 53. Rxa5 Rd3+ 54. Kf4 c4 55. Ra6 Rd4+ 56. Ke3 Rd3+ 57. Kf4 Kf6 58. a4 Ke6 59. Ra8 Ra3 60. a5 Kd5 61. a6 Kd4 62. a7 d5 63. g4 c3 64. h4 c2 65. Rc8 Kd3 66. g5 hxg5+ 67. hxg5 Rxa7 68. Ke5 d4 69. g6 Rg7 70. Kf6 Rxg6+ 71. Kxg6 Kd2 72. Kf5 d3 73. Ke4 c1=Q 1/2-1/2

[Event "Romanian Open 2021"]
[Site "Alba Iulia"]
[Date "2021.11.21"]
[Round "1.5"]
[White "Pasztor, Balazs"]
[Black "Botea, David-Alexandru"]
[Result "1-0"]
[ECO "B08"]
[WhiteElo "2356"]
[BlackElo "2013"]
[Annotator "NA"]
[PlyCount "45"]
[EventDate "2021.11.21"]
[EventType "swiss"]
[EventCountry "ROU"]
[SourceTitle "playchess.com"]
[Source "ChessBase"]
[SourceQuality "1"]
[TimeControl "5400+30"]

1. e4 d6 2. d4 Nf6 3. Nc3 g6 4. Nf3 Bg7 5. Be3 O-O 6. Qd2 a6 7. Bh6 b5 8. Bd3 Nc6 9. Bxg7 Kxg7 10. e5 Nd7 11. h4 dxe5 12. h5 Rh8 13. O-O-O Nxd4 14. h6+ Kg8 15. Nxd4 exd4 16. Be4 Rb8 17. Qxd4 Qf8 18. Nd5 Nf6 19. Nxf6+ exf6 20. Qxf6 Be6 21. Kb1 Re8 22. Bc6 Rb8 23. Rd2 1-0

[Event "Romanian Open 2021"]
[Site "Alba Iulia"]
[Date "2021.11.21"]
[Round "1.6"]
[White "Negrean, Andrei"]
[Black "Vajda, Albert"]
[Result "1/2-1/2"]
[ECO "B18"]
[WhiteElo "1847"]
[BlackElo "2353"]
[Annotator "NA"]
[PlyCount "79"]
[EventDate "2021.11.21"]
[EventType "swiss"]
[EventCountry "ROU"]
[SourceTitle "playchess.com"]
[Source "ChessBase"]
[SourceQuality "1"]
[TimeControl "5400+30"]

1. e4 c6 2. d4 d5 3. Nc3 dxe4 4. Nxe4 Bf5 5. Ng3 Bg6 6. Nh3 Nf6 7. Nf4 Nd5 8. Nxg6 hxg6 9. Ne4 e6 10. g3 Nf6 11. Bg2 Nxe4 12. Bxe4 Nd7 13. O-O Nf6 14. Bg2 Qa5 15. c3 Bd6 16. Be3 g5 17. b4 Qf5 18. Qb1 g4 19. Qxf5 exf5 20. b5 Kd7 21. Rab1 Rab8 22. c4 Bc7 23. Rb3 Ne4 24. Bxe4 fxe4 25. bxc6+ bxc6 26. Rfb1 Rxb3 27. Rxb3 a5 28. Kg2 f5 29. d5 cxd5 30. cxd5 g6 31. Rb7 Kc8 32. Ra7 Rd8 33. Ra8+ Kb7 34. Ra7+ Kb8 35. Ra6 Rd6 36. Rxd6 Bxd6 37. a4 Kc7 38. h3 gxh3+ 39. Kxh3 Be7 40. Kg2 1/2-1/2

[Event "Romanian Open 2021"]
[Site "Alba Iulia"]
[Date "2021.11.21"]
[Round "1.7"]
[White "Manea, Alexandru"]
[Black "Maria, Lia-Alexandra"]
[Result "1-0"]
[ECO "B23"]
[WhiteElo "2342"]
[BlackElo "1784"]
[Annotator "NA"]
[PlyCount "125"]
[EventDate "2021.11.21"]
[EventType "swiss"]
[EventCountry "ROU"]
[SourceTitle "playchess.com"]
[Source "ChessBase"]
[SourceQuality "1"]
[TimeControl "5400+30"]

1. e4 c5 2. Nc3 g6 3. h4 h5 4. Nf3 Nc6 5. d4 cxd4 6. Nxd4 Bg7 7. Nb3 Nf6 8. Bg5 a6 9. Qd2 b5 10. f3 d6 11. O-O-O Be6 12. Nd5 Bxd5 13. exd5 Ne5 14. Be2 Rc8 15. Qa5 Qc7 16. Qxc7 Rxc7 17. Kb1 O-O 18. c3 Rb8 19. Rhg1 Nc4 20. Bc1 Nb6 21. g4 hxg4 22. fxg4 Nfxd5 23. Bf3 e6 24. h5 Be5 25. hxg6 fxg6 26. Be4 Kg7 27. Nd4 Bxd4 28. Rxd4 Nf6 29. Bc2 Nbd5 30. Bb3 b4 31. c4 e5 32. Rdd1 Nb6 33. Rxd6 Nxc4 34. Rxa6 Re8 35. g5 Nd7 36. Rd1 Ndb6 37. Bxc4 Nxc4 38. b3 Na3+ 39. Bxa3 bxa3 40. Rdd6 Rec8 41. Rxg6+ Kh7 42. Rh6+ Kg7 43. Rhg6+ Kh7 44. Rh6+ Kg7 45. Rh1 Rc3 46. Rxa3 Kg6 47. Ra5 Re3 48. Rg1 e4 49. Ra6+ Kf5 50. g6 Kf4 51. g7 Rg8 52. Rf6+ Ke5 53. Rf8 Rf3 54. Rxg8 e3 55. Re8+ Kd4 56. Rd1+ Kc3 57. Rxe3+ Rxe3 58. g8=Q Re4 59. Rc1+ Kb4 60. Qc4+ Ka3 61. Qc5+ Rb4 62. Qa5+ Ra4 63. Qxa4# 1-0

[Event "Romanian Open 2021"]
[Site "Alba Iulia"]
[Date "2021.11.21"]
[Round "1.8"]
[White "Butolo, Alexandru-Mircea"]
[Black "Pasti, Aron"]
[Result "0-1"]
[ECO "B80"]
[WhiteElo "1768"]
[BlackElo "2335"]
[Annotator "NA"]
[PlyCount "58"]
[EventDate "2021.11.21"]
[EventType "swiss"]
[EventCountry "ROU"]
[SourceTitle "playchess.com"]
[Source "ChessBase"]
[SourceQuality "1"]
[TimeControl "5400+30"]

1. e4 c5 2. Nf3 e6 3. g3 Nc6 4. Bg2 Nf6 5. Nc3 d6 6. O-O Be7 7. h3 O-O 8. d4 cxd4 9. Nxd4 a6 10. Be3 Qc7 11. Qe2 Bd7 12. a4 Rab8 13. Rfd1 Na5 14. Qd3 Rfc8 15. f4 Nc4 16. Bc1 e5 17. Nde2 b5 18. b3 b4 19. bxc4 bxc3 20. Ba3 Be6 21. c5 d5 22. exd5 Bxc5+ 23. Kh1 e4 24. Bxe4 Bxh3 25. Bf3 Ng4 26. Bxg4 Bxg4 27. Bxc5 Qxc5 28. Re1 Qf2 29. Nd4 Rb6 0-1

[Event "Romanian Open 2021"]
[Site "Alba Iulia"]
[Date "2021.11.21"]
[Round "1.9"]
[White "Petre, Nad-Titus"]
[Black "Arion, Ilie"]
[Result "1-0"]
[ECO "A07"]
[WhiteElo "2319"]
[BlackElo "1758"]
[Annotator "NA"]
[PlyCount "83"]
[EventDate "2021.11.21"]
[EventType "swiss"]
[EventCountry "ROU"]
[SourceTitle "playchess.com"]
[Source "ChessBase"]
[SourceQuality "1"]
[TimeControl "5400+30"]

1. Nf3 Nf6 2. g3 d5 3. Bg2 Bf5 4. O-O e6 5. d3 Be7 6. Nbd2 O-O 7. Qe1 h6 8. e4 Bh7 9. Qe2 c5 10. Ne5 dxe4 11. dxe4 Qc7 12. Nec4 Nc6 13. a4 Nd4 14. Qd1 Rad8 15. Re1 Rfe8 16. c3 Nc6 17. a5 Ne5 18. Nxe5 Qxe5 19. Qa4 Qc7 20. Nc4 Qc8 21. Bf4 Bf8 22. Qb5 Be7 23. h3 Nh5 24. Be3 Nf6 25. f3 Qd7 26. Qb3 Qc6 27. Bf2 Bf8 28. Bf1 Qc7 29. Qa4 Qd7 30. Qxd7 Rxd7 31. a6 b6 32. g4 Rc8 33. Red1 Rxd1 34. Rxd1 g5 35. Na3 Be7 36. Nb5 Ra8 37. Bg3 Kf8 38. Be5 Ne8 39. Rd7 f6 40. Rxa7 Rxa7 41. Nxa7 fxe5 42. Nb5 1-0

[Event "Romanian Open 2021"]
[Site "Alba Iulia"]
[Date "2021.11.21"]
[Round "1.10"]
[White "Tudor, Henry Edward"]
[Black "Gheorghiu, Calin"]
[Result "0-1"]
[ECO "D38"]
[WhiteElo "1753"]
[BlackElo "2294"]
[Annotator "NA"]
[PlyCount "106"]
[EventDate "2021.11.21"]
[EventType "swiss"]
[EventCountry "ROU"]
[SourceTitle "playchess.com"]
[Source "ChessBase"]
[SourceQuality "1"]
[TimeControl "5400+30"]

1. d4 Nf6 2. c4 e6 3. Nc3 Bb4 4. Qc2 d5 5. Bg5 h6 6. Bxf6 Qxf6 7. e3 c5 8. cxd5 exd5 9. a3 Bxc3+ 10. Qxc3 Nd7 11. Nf3 O-O 12. Be2 b6 13. O-O Bb7 14. Rac1 c4 15. h3 b5 16. Ne5 Nxe5 17. dxe5 Qe7 18. Bg4 a5 19. f4 f6 20. Qd4 Kh8 21. Rf3 b4 22. axb4 axb4 23. Rg3 fxe5 24. fxe5 Rae8 25. e6 Qf6 26. Rf3 Qxd4 27. exd4 Rxf3 28. gxf3 h5 29. Bxh5 Rxe6 30. Kf2 g6 31. Bg4 Ra6 32. Re1 Bc6 33. Re6 Kg7 34. Ke3 c3 35. bxc3 b3 36. Kd2 Ra2+ 37. Kc1 Bb5 38. Re3 Rc2+ 39. Kb1 Rd2 40. f4 b2 41. Rg3 Kf6 42. Re3 Bd3+ 43. Rxd3 Rxd3 44. Kxb2 Ke7 45. Kc2 Rg3 46. Kd2 Kf6 47. Kc2 Rg2+ 48. Kd3 Ke7 49. Ke3 Kd6 50. Kd3 Kc6 51. Ke3 Rg3+ 52. Kd2 Kb5 53. Be2+ Ka4 0-1